Map: [ESL] Cosmic Sapphire

Players

Nina

  • Race: Protoss Protoss
  • Spawn Location: 11:00

Scarlett - Winner!

  • Race: Zerg Zerg
  • Spawn Location: 5:00

Event: DreamHack SC2 Masters 2022 Atlanta (Online)

VOD

Have the link to the VOD?

Description

Time

  • Played on: Oct. 4, 2022, 6:36 p.m.
  • Length: 30:40

All games in this series

Show
View Real Time Build Order
Export as new Build Order

Nina Protoss 

Build Orders: 1 Gate Expand, Oracle Opening, Carriers, Zealot Archon 

Get SALT Encoding   

  12  0:00  Probe  
  13  0:12  Probe  
  14  0:19  Pylon  
  14  0:24  Probe  
  15  0:37  Probe (Chrono Boost)  
  15  0:38  Gateway  
  16  0:46  Probe (Chrono Boost)  
  17  0:51  Probe, Assimilator  
  18  1:04  Probe  
  19  1:16  Probe  
  20  1:25  Nexus  
  20  1:34  Cybernetics Core  
  20  1:36  Probe  
  21  1:44  Assimilator  
  21  1:48  Probe  
  21  1:52  Pylon  
  22  2:00  Probe  
  23  2:11  Stalker (Chrono Boost)  
  23  2:12  Probe  
  26  2:24  Probe  
  26  2:27  Stargate  
  26  2:33  Adept (Chrono Boost)  
  26  2:37  Probe (Chrono Boost)  
  30  2:40  Probe (Chrono Boost)  
  30  2:42  Warp Gate  
  30  2:47  Gateway  
  30  2:48  Probe (Chrono Boost)  
  32  2:52  Probe (Chrono Boost)  
  32  2:56  Pylon  
  32  2:59  Probe  
  32  3:02  Probe  
  32  3:05  Adept  
  36  3:12  Probe  
  37  3:14  Oracle (Chrono Boost)  
  37  3:16  Probe  
  41  3:22  Pylon  
  41  3:24  Probe  
  42  3:28  Probe  
  43  3:36  Probe  
  43  3:40  Oracle (Chrono Boost), Probe  
  48  3:49  Probe  
  48  3:53  Nexus  
  48  3:54  Probe  
  50  3:58  Pylon  
  50  4:01  Probe  
  51  4:05  Pylon  
  51  4:06  Probe  
  52  4:13  Probe  
  52  4:15  Oracle (Chrono Boost)  
  52  4:16  Shield Battery  
  53  4:18  Probe  
  53  4:22  Assimilator  
  57  4:24  Assimilator  
  57  4:25  Probe  
  57  4:30  Probe  
  57  4:31  Zealot  
  61  4:34  Twilight Council  
  61  4:38  Probe  
  62  4:43  Probe  
  63  4:50  Probe  
  64  4:53  Pylon  
  64  4:55  Probe, Forge  
  64  4:58  Stalker x2  
  69  5:05  Probe x2 (Chrono Boost), Pylon  
  71  5:07  Probe (Chrono Boost)  
  72  5:15  Blink  
  72  5:16  Probe (Chrono Boost)  
  72  5:17  Probe (Chrono Boost)  
  72  5:18  Probe (Chrono Boost)  
  72  5:21  Probe (Chrono Boost)  
  75  5:25  Probe  
  75  5:27  Stalker x2  
  82  5:28  Probe  
  82  5:29  Protoss Ground Weapons Level 1 (Chrono Boost)  
  82  5:32  Probe  
  83  5:37  Probe  
  83  5:42  Probe, Gateway  
  85  5:44  Probe, Gateway  
  85  5:49  Gateway, Probe  
  87  5:54  Probe, Stalker x2  
  87  5:56  Probe  
  93  6:00  Templar Archives  
  93  6:01  Probe  
  94  6:09  Pylon  
  94  6:14  Nexus  
  94  6:16  Probe  
  94  6:18  Assimilator  
  92  6:19  Assimilator  
  92  6:27  Psionic Storm  
  92  6:28  Pylon  
  92  6:29  Probe  
  93  6:33  Probe  
  93  6:38  Photon Cannon  
  93  6:39  High Templar x2  
  98  6:40  Probe  
  98  6:41  Probe  
  98  6:45  Gateway  
  100  6:48  Gateway  
  100  6:49  Probe, Gateway  
  100  6:51  High Templar  
  103  6:57  Shield Battery  
  103  6:58  Photon Cannon, Probe x2  
  105  7:04  High Templar  
  105  7:05  Probe  
  105  7:07  Pylon  
  105  7:08  Photon Cannon  
  108  7:11  Probe, Pylon  
  108  7:14  Pylon  
  109  7:15  Robotics Facility  
  109  7:20  Probe  
  109  7:21  Zealot x2  
  109  7:22  Zealot  
  116  7:24  Assimilator  
  116  7:26  Assimilator  
  116  7:28  Protoss Ground Weapons Level 2 (Chrono Boost)  
  116  7:30  Probe  
  116  7:31  Gateway  
  116  7:32  Gateway  
  116  7:34  Probe  
  116  7:35  Gateway  
  119  7:37  Probe  
  119  7:42  High Templar x2  
  123  7:46  Zealot x4  
  123  7:47  Zealot  
  123  7:51  Archon  
  133  7:53  High Templar  
  133  7:54  Photon Cannon, Probe  
  133  7:55  Probe x3  
  133  7:56  Charge (Chrono Boost)  
  139  8:07  High Templar x2  
  139  8:09  Observer (Chrono Boost)  
  144  8:14  Probe  
  144  8:15  Photon Cannon  
  144  8:17  Photon Cannon  
  144  8:18  Archon  
  144  8:19  Pylon  
  145  8:24  Photon Cannon  
  145  8:28  High Templar x2  
  145  8:32  Zealot x4  
  145  8:33  Archon  
  155  8:36  Pylon  
  155  8:38  Pylon  
  155  8:39  Nexus  
  155  8:40  Pylon  
  155  8:42  High Templar  
  155  8:43  High Templar  
  155  8:44  Warp Prism (Chrono Boost)  
  155  8:45  Pylon  
  157  8:51  Zealot x3  
  157  8:52  Archon  
  157  8:53  High Templar  
  157  8:54  High Templar  
  161  9:02  Nexus, Archon  
  161  9:05  Zealot x2  
  161  9:06  Zealot x2  
  161  9:09  Shield Battery  
  169  9:10  Photon Cannon  
  169  9:12  Photon Cannon  
  169  9:15  Zealot x4  
  169  9:16  High Templar  
  179  9:23  Fleet Beacon  
  179  9:27  High Templar x2  
  179  9:29  Warp Prism  
  177  9:46  Zealot  
  177  9:47  Zealot x7  
  177  9:50  Protoss Ground Weapons Level 3  
  193  9:55  Stargate  
  186  10:01  Zealot x3  
  192  10:08  Zealot x2  
  188  10:19  Zealot  
  188  10:20  Zealot x5  
  194  10:22  Zealot  
  177  10:45  Zealot x9  
  177  10:46  Zealot x2  
  199  10:51  Photon Cannon  
  199  10:52  Photon Cannon  
  199  10:54  Photon Cannon  
  199  10:55  Cybernetics Core, Photon Cannon  
  199  11:03  Observer  
  197  11:05  Zealot x2  
  191  11:13  Zealot x6  
  191  11:18  Zealot x2  
  184  11:19  Zealot  
  176  11:27  Carrier (Chrono Boost)  
  176  11:31  Stargate  
  180  11:46  High Templar x6  
  182  11:47  Protoss Air Weapons Level 1  
  182  11:50  High Templar x3  
  188  11:55  Carrier (Chrono Boost)  
  172  12:11  High Templar x2  
  176  12:19  Carrier  
  182  12:31  Zealot x2  
  182  12:32  Zealot  
  182  12:37  Pylon  
  188  12:38  Pylon x2  
  188  12:46  Pylon  
  188  12:54  Stargate  
  188  12:57  Zealot x2  
  188  12:58  Carrier (Chrono Boost), Zealot x5  
  171  13:11  High Templar x4  
  179  13:13  Nexus  
  179  13:17  Archon  
  179  13:18  Archon  
  161  13:30  Carrier x2 (Chrono Boost)  
  161  13:31  Zealot x4  
  161  13:32  Zealot  
  173  13:38  Zealot  
  171  13:41  Archon  
  171  13:45  High Templar x4  
  155  13:56  Zealot x3  
  155  13:59  Carrier (Chrono Boost)  
  161  14:06  Zealot x2  
  165  14:16  Zealot x4  
  139  14:26  Zealot x3  
  139  14:30  Zealot  
  143  14:36  High Templar x4  
  145  14:43  High Templar x3  
  144  14:55  High Templar  
  142  15:04  Zealot  
  144  15:12  Zealot x2  
  146  15:19  Zealot  
  138  15:34  High Templar x3  
  132  16:00  High Templar x2  
  132  16:03  Zealot x4  
  140  16:13  Zealot x2  
  140  16:17  Assimilator  
  144  16:19  Pylon  
  144  16:25  High Templar x2  
  138  16:45  High Templar x2  
  140  16:56  Zealot x2  
  140  16:57  Shield Battery  
  140  17:00  Zealot  
  146  17:02  Assimilator  
  146  17:06  Assimilator  
  144  17:19  Zealot x4  
  152  17:28  Gateway  
  152  17:29  Gateway  
  140  17:46  High Templar x3  
  146  17:51  Pylon  
  146  17:54  Forge  
  146  18:03  Protoss Air Weapons Level 2  
  142  18:27  Carrier (Chrono Boost)  
  154  18:43  Carrier (Chrono Boost)  
  154  18:46  Nexus  
  154  18:55  Oracle (Chrono Boost)  
  155  19:06  Archon  
  155  19:07  High Templar x2  
  151  19:10  Pylon  
  151  19:11  Pylon  
  151  19:20  Dark Shrine, Photon Cannon  
  151  19:24  Photon Cannon  
  151  19:26  High Templar  
  153  19:35  Zealot x2  
  157  19:45  Zealot  
  157  19:46  Zealot  
  149  20:19  Zealot x5  
  143  20:45  High Templar x2  
  143  20:46  High Templar x3  
  153  21:00  Carrier  
  159  21:18  Dark Templar x2  
  163  21:30  Dark Templar  
  151  21:55  Tempest (Chrono Boost)  
  154  22:08  Void Ray (Chrono Boost)  
  154  22:11  High Templar x2  
  161  22:18  Archon  
  163  22:23  Void Ray (Chrono Boost)  
  163  22:27  Void Ray (Chrono Boost)  
  157  22:44  Oracle  
  157  22:56  Zealot x3  
  157  22:57  Zealot x2  
  171  22:58  Void Ray  
  171  23:19  Void Ray  
  175  23:36  Nexus  
  173  24:08  Zealot x5  
  165  24:25  Photon Cannon  
  165  24:27  Photon Cannon  
  165  24:29  Photon Cannon  
  165  24:33  Pylon  
  155  24:48  High Templar x4  
  150  25:07  Dark Templar  
  118  25:39  Zealot x4  
  118  25:43  Unknown  
  95  26:19  Zealot x2  
  96  26:43  Photon Cannon  
  96  26:44  Photon Cannon  
  96  26:59  Gateway  
  96  27:03  Gateway  
  88  27:31  Nexus  
  80  29:00  Nexus  
  72  29:36  Pylon  
  68  30:06  Photon Cannon  
Show
View Real Time Build Order
Export as new Build Order

Scarlett Zerg - Winner!

Build Orders: Hatch First, Lurkers 

Get SALT Encoding   

  12  0:00  Drone  
  13  0:12  Overlord  
  13  0:17  Drone  
  14  0:30  Drone x2  
  16  0:47  Hatchery  
  15  0:51  Drone  
  15  0:54  Drone  
  17  0:57  Drone  
  18  1:09  Extractor  
  17  1:12  Spawning Pool  
  17  1:17  Drone  
  17  1:19  Drone  
  18  1:28  Drone  
  19  1:38  Drone  
  20  1:49  Drone  
  21  1:59  Queen x2  
  21  2:00  Zergling x2, Overlord  
  26  2:10  Drone  
  26  2:11  Drone  
  26  2:13  Metabolic Boost  
  28  2:21  Drone x2  
  30  2:31  Drone  
  30  2:32  Drone  
  32  2:38  Hatchery  
  32  2:42  Overlord  
  31  2:46  Overlord  
  31  2:53  Queen  
  33  3:01  Overlord  
  33  3:02  Queen  
  35  3:07  Drone x2  
  35  3:08  Drone x2  
  35  3:11  Drone  
  40  3:16  Zergling x2, Drone  
  42  3:23  Drone  
  43  3:28  Queen  
  46  3:34  Drone x2  
  46  3:38  Spore Crawler  
  46  3:39  Drone x4  
  50  3:43  Queen  
  52  3:50  Queen  
  54  3:56  Drone x4  
  58  4:04  Overlord  
  58  4:06  Spore Crawler  
  57  4:10  Drone, Overlord  
  57  4:14  Overlord  
  57  4:18  Overlord, Evolution Chamber  
  56  4:27  Queen  
  56  4:28  Drone x4, Overlord  
  56  4:29  Drone  
  63  4:32  Overlord  
  63  4:36  Drone x2  
  65  4:44  Drone x5  
  70  4:49  Zerg Melee Weapons Level 1  
  69  4:53  Overlord  
  69  4:54  Drone x4  
  69  4:59  Spore Crawler  
  72  5:02  Zergling x10  
  77  5:13  Hatchery  
  76  5:18  Extractor  
  76  5:20  Drone x6  
  79  5:24  Baneling Nest  
  79  5:25  Extractor  
  79  5:27  Lair, Drone  
  79  5:28  Drone  
  78  5:32  Drone x3  
  81  5:38  Overlord  
  81  5:42  Drone x6  
  87  5:48  Drone x4  
  91  5:51  Hatchery, Extractor  
  91  5:55  Drone x3  
  91  5:57  Zergling x2  
  91  5:59  Extractor  
  92  6:04  Zergling x6  
  92  6:11  Zergling x4  
  93  6:17  Hatchery  
  92  6:20  Drone x3  
  92  6:22  Drone  
  92  6:23  Drone x3  
  98  6:28  Drone  
  98  6:29  Drone x6  
  98  6:30  Hydralisk Den  
  98  6:31  Spore Crawler  
  103  6:35  Centrifugal Hooks  
  103  6:38  Drone  
  104  6:46  Zerg Melee Weapons Level 2  
  104  6:48  Zergling x20  
  104  6:51  Overlord  
  114  6:58  Overlord x5  
  114  6:59  Overseer  
  114  7:02  Grooved Spines  
  114  7:04  Hydralisk x3  
  120  7:09  Drone  
  120  7:12  Extractor  
  120  7:13  Drone x3  
  120  7:14  Infestation Pit, Drone  
  123  7:21  Drone x6  
  129  7:24  Hydralisk x2, Extractor, Lurker Den  
  131  7:32  Drone x3  
  131  7:33  Drone x2, Extractor  
  131  7:34  Hydralisk x2, Drone  
  140  7:39  Hydralisk x2  
  144  7:47  Drone  
  144  7:50  Hydralisk x3  
  151  7:55  Spore Crawler, Overlord x2  
  150  7:58  Hive  
  150  8:00  Zergling x2  
  150  8:01  Zergling x14  
  150  8:03  Overseer  
  150  8:04  Zergling x4  
  150  8:05  Zergling x2  
  160  8:10  Baneling x4  
  160  8:11  Baneling x3  
  160  8:12  Baneling  
  160  8:14  Muscular Augments  
  160  8:15  Hydralisk  
  160  8:16  Hydralisk  
  164  8:23  Pneumatized Carapace  
  164  8:25  Drone x2  
  164  8:26  Evolution Chamber  
  165  8:27  Zergling x2  
  165  8:28  Zergling x10  
  165  8:32  Spine Crawler  
  170  8:35  Spine Crawler  
  170  8:38  Hydralisk x3  
  170  8:39  Zergling x14  
  181  8:42  Baneling x3  
  181  8:43  Baneling x4  
  177  8:50  Zergling x18  
  183  9:04  Zerg Missile Weapons Level 1  
  183  9:09  Lurker x4, Extractor  
  188  9:10  Lurker x2, Extractor  
  185  9:18  Zergling x18  
  185  9:22  Seismic Spines  
  185  9:24  Zerg Ground Armor Level 1  
  192  9:30  Lurker x2  
  194  9:33  Drone  
  194  9:34  Lurker  
  195  9:47  Lurker x3  
  198  9:54  Lurker  
  198  9:58  Adrenal Glands  
  197  10:00  Spine Crawler  
  171  10:22  Zergling x38  
  161  10:35  Hydralisk  
  161  10:36  Zergling x2, Hydralisk x13  
  161  10:37  Zergling x32  
  161  10:40  Adaptive Talons  
  161  10:41  Overlord x2  
  197  10:48  Hydralisk  
  197  10:49  Overlord x2  
  196  10:55  Baneling x8  
  196  10:57  Overlord  
  196  10:58  Overseer  
  196  10:59  Overseer x3  
  196  11:05  Hydralisk x2  
  196  11:06  Spine Crawler x3  
  196  11:08  Spine Crawler  
  175  11:20  Drone x3  
  175  11:21  Drone x3  
  175  11:23  Hydralisk x3  
  175  11:24  Hydralisk x7  
  189  11:29  Baneling x4  
  189  11:30  Baneling  
  189  11:33  Overlord  
  175  11:41  Hydralisk x6  
  175  11:45  Lurker  
  175  11:46  Baneling x7  
  181  11:47  Drone  
  181  11:56  Zerg Missile Weapons Level 2, Zerg Ground Armor Level 2  
  175  12:11  Hydralisk  
  175  12:12  Zergling x26, Hydralisk x2  
  175  12:13  Zergling x2  
  190  12:27  Lurker x2, Hatchery  
  189  12:41  Zergling x14  
  189  12:43  Overlord x2  
  195  12:49  Baneling x12  
  189  12:59  Lurker x4  
  189  13:00  Lurker x4  
  193  13:08  Hydralisk x3  
  199  13:13  Spire  
  198  13:21  Hydralisk x2  
  198  13:22  Hydralisk  
  186  13:30  Hydralisk x9  
  186  13:31  Hydralisk x3  
  195  13:43  Hydralisk  
  195  13:44  Hydralisk  
  195  13:58  Zergling x8  
  195  14:00  Hatchery  
  198  14:05  Hydralisk x2  
  198  14:13  Hydralisk x7  
  190  14:17  Zerg Ground Armor Level 3, Zerg Missile Weapons Level 3  
  190  14:24  Hydralisk x5  
  194  14:35  Hydralisk  
  194  14:36  Hydralisk x2  
  196  15:18  Hydralisk x2  
  182  15:37  Overlord  
  182  15:39  Zerg Flyer Weapons Level 1  
  182  15:44  Hydralisk x8  
  182  15:45  Hydralisk  
  178  15:51  Hydralisk x10  
  177  15:58  Hydralisk x8  
  177  16:02  Hydralisk  
  180  16:13  Lurker x2  
  180  16:14  Drone x2  
  180  16:15  Drone x5  
  189  16:20  Hydralisk x5  
  194  16:33  Hydralisk x7  
  190  16:42  Hydralisk x6  
  200  16:50  Hydralisk x5, Unknown  
  193  16:56  Lurker x2  
  193  16:57  Hydralisk x2  
  199  17:05  Zerg Melee Weapons Level 3  
  197  17:13  Hydralisk x3  
  199  17:18  Hydralisk  
  199  17:22  Hydralisk x2  
  189  17:37  Drone  
  189  17:38  Drone x2  
  189  17:39  Hydralisk x17  
  184  17:55  Lurker x3  
  184  17:58  Hydralisk x6, Zerg Flyer Armor Level 1  
  187  18:05  Overseer  
  199  18:24  Hydralisk x3  
  200  18:27  Lurker  
  200  18:33  Spine Crawler  
  200  18:34  Spine Crawler, Viper x3  
  194  18:48  Spire  
  191  18:50  Hydralisk x6  
  191  18:54  Spore Crawler, Drone  
  191  18:55  Spore Crawler, Drone  
  200  18:56  Drone  
  200  18:58  Spore Crawler  
  200  19:00  Hydralisk x4  
  200  19:06  Zergling x8  
  200  19:13  Overseer x3  
  200  19:19  Spore Crawler  
  200  19:21  Spore Crawler, Zergling x2  
  200  19:22  Zergling x2  
  200  19:25  Overlord x2  
  200  19:51  Spore Crawler  
  200  19:52  Spore Crawler  
  198  19:54  Zergling x6  
  198  20:03  Hydralisk x2  
  194  20:12  Hydralisk x4  
  197  20:20  Lurker  
  182  20:26  Hydralisk x10  
  178  20:44  Lurker x2  
  178  20:45  Corruptor x10, Lurker  
  199  20:58  Zerg Flyer Weapons Level 2, Zerg Flyer Armor Level 2  
  199  21:07  Overseer  
  199  21:08  Overseer  
  199  21:14  Hatchery  
  199  21:17  Hatchery  
  197  21:19  Spine Crawler  
  196  21:31  Spore Crawler, Spine Crawler  
  194  21:33  Unknown  
  194  21:34  Corruptor, Lurker  
  194  21:35  Corruptor, Lurker  
  190  22:04  Hatchery  
  190  22:05  Corruptor x4  
  190  22:06  Hatchery  
  190  22:07  Spore Crawler, Overlord x2  
  195  22:21  Baneling x6  
  192  22:48  Corruptor x2  
  192  22:49  Corruptor x4  
  198  23:02  Zergling x4  
  192  23:24  Zergling x2  
  192  23:25  Zergling x12  
  197  23:28  Lurker x4  
  198  23:48  Spore Crawler, Drone x2  
  198  23:50  Spine Crawler  
  198  23:51  Corruptor  
  198  23:53  Greater Spire, Zerg Flyer Armor Level 3  
  190  24:14  Zergling x26  
  197  24:27  Hatchery  
  183  25:05  Drone  
  184  25:16  Corruptor x4  
  177  25:37  Extractor x2  
  177  25:38  Drone x2  
  177  25:39  Drone x4  
  177  25:41  Zergling x14  
  177  25:42  Zergling x12  
  193  25:48  Zergling x2  
  193  25:49  Zergling x8  
  164  26:18  Hatchery  
  161  26:19  Zergling x34  
  161  26:20  Zergling x2  
  161  26:23  Overseer  
  179  26:36  Hatchery  
  176  26:57  Queen  
  178  27:10  Overseer  
  171  27:31  Extractor  
  171  27:33  Extractor  
  162  27:56  Corruptor x6  
  165  28:28  Corruptor x2  
  165  28:31  Hatchery  
  150  28:52  Zergling x42  
  157  30:02  Hatchery  
  156  30:14  Overseer, Overlord x3  
  156  30:18  Overlord x2  
Tags
 
Add a new tag
Caveats
  • Supply blocks, unpowered buildings, or Contaminate may cause inaccurate times.
  • Supply counts are checked every 10 seconds.